 Dungeon Crawl Stone Soup version 0.30-a0-166-g5d06c95188 (webtiles) character file.

Game seed: 7359377894540349731

185 qw the Chopper (level 5, -5/32 HPs)
             Began as a Gargoyle Fighter on Sept 28, 2022.
             Killed by divine providence
             ... invoked by an orc priest
              (9 damage)
             ... on level 4 of the Dungeon.
             The game lasted 00:00:52 (3132 turns).

qw the Chopper (Gargoyle Fighter)                   Turns: 3132, Time: 00:00:52

Health: -5/32      AC: 17    Str: 22    XL:     5   Next: 64%
Magic:  5/5        EV:  7    Int:  8    God:
Gold:   167        SH:  9    Dex:  9    Spells: 4/4 levels left

rFire   . . .      SeeInvis .    Y - +0 war axe
rCold   . . .      Faith    .    c - +0 buckler
rNeg    + . .      Spirit   .    s - +0 chain mail
rPois   inf        Reflect  +    (no helmet)
rElec   +          Harm     .    (no cloak)
rCorr   .          Rampage  .    (no gloves)
Will    .....                    (no boots)
Stlth   ..........               r - amulet of reflection
HPRegen 0.10/turn                m - +4 ring of protection
MPRegen 0.09/turn                (no ring)

@: about to teleport
A: sickness immunity, AC +4, negative energy resistance 1, electricity
resistance, torment resistance 1, petrification resistance
a: no special abilities


You were on level 4 of the Dungeon.
You visited 1 branch of the dungeon, and saw 4 of its levels.

You collected 167 gold pieces.


Innate Abilities, Weirdness & Mutations

You are immune to sickness and miasma.
Your stone body is resilient. (AC +4)
You are immune to poison.
You resist negative energy. (rN+)
You are resistant to electric shocks. (rElec)
You are resistant to unholy torment.
You are immune to petrification.


   Skills:
 + Level 3.2 Fighting
 - Level 5.0 Axes
 - Level 1.0 Throwing
 - Level 3.2 Armour
 - Level 3.2 Shields


You had 4 spell levels left.
You didn't know any spells.
Your spell library was empty.

Inventory:

Hand Weapons
 a - a +0 whip
 Y - a +0 war axe (weapon)
Missiles
 g - 3 boomerangs (quivered)
 o - 3 javelins
Armour
 b - a +2 hat
 c - a +0 buckler (worn)
 s - a +0 chain mail (worn)
Jewellery
 m - a +4 ring of protection (left hand)
 p - an amulet of guardian spirit
 r - an amulet of reflection (around neck)
Scrolls
 e - 2 scrolls of identify
 f - a scroll of enchant armour
 i - a scroll of teleportation
 t - a scroll of magic mapping {unknown}
Potions
 d - a potion of might
 h - a potion of lignification
 j - a potion of flight {unknown}
 k - a potion of ambrosia {unknown}
 l - 4 potions of curing
 n - a potion of invisibility {unknown}
 q - a potion of resistance {unknown}

Dungeon Overview and Level Annotations

Branches:
Dungeon (4/15)
 Temple: D:4-7

Altars:
Elyvilon


Message History

You barely miss the orc. You block the orc's attack.
You barely miss the orc wizard. You slash the orc!
You kill the orc!
The orc priest invokes the aid of Beogh against you.
Beogh smites you!
You slash the orc wizard!
The orc wizard is almost dead.
The orc wizard hits you but does no damage.
You barely miss the orc wizard.
The orc wizard is almost dead.
You hit the orc priest but do no damage.
The orc wizard hits you but does no damage.
An orc comes into view. It is wielding a +0 club.
The orc priest casts a cantrip, but nothing happens.
You hit the orc wizard.
You kill the orc wizard!
You hit the orc priest but do no damage.
The orc priest invokes the aid of Beogh against you.
Pain shoots through your body!
The orc priest hits you but does no damage.
Your Axes skill increases to level 5!
You hit the orc priest but do no damage.
You closely miss the orc priest. You hit the orc but do no damage.
The orc priest hits you but does no damage.
The orc hits you but does no damage.
You barely miss the orc priest. You closely miss the orc.
The orc priest mumbles some strange prayers to Beogh against you.
Beogh smites you! The orc barely misses you.
The orc priest hits you but does no damage.
The orc hits you but does no damage.
3131 ||| READING 2 scrolls of teleportation.
As you read the scroll of teleportation, it crumbles to dust.
You feel strangely unstable.
The orc priest hits you but does no damage.
The orc hits you but does no damage.
You barely miss the orc priest. You hit the orc but do no damage.
The orc priest mumbles some strange prayers to Beogh against you.
Beogh smites you!
You die...

######
####oo..#
###...@##..o..
#.......# o..
#.##.##.# .
#.##.# .#
#.##.. ..
#.#####.#.
#.## .... #..#
.# .# ##.#


You could see an orc priest and an orc.

Vanquished Creatures
  A jelly (D:4)
  Jessica (D:3)
  An orc wizard (D:4)
  4 adders
  A dart slug (D:3)
  3 orcs
  9 ball pythons
  6 endoplasms
  2 giant cockroaches
  5 goblins
  5 hobgoblins
  4 jackals (D:1)
  2 quokkas
  5 bats
  3 frilled lizards
  7 kobolds
  3 rats
62 creatures vanquished.

Vanquished Creatures (others)
  2 fungi (D:1)
  A plant (D:1)
3 creatures vanquished.

Grand Total: 65 creatures vanquished

Notes
Turn   | Place    | Note
-------+----------+-------------------------------------------
     0 | D:1      | qw the Gargoyle Fighter began the quest for the Orb.
     0 | D:1      | Reached XP level 1. HP: 14/14 MP: 1/1
     0 | D:1      | 0 ||| qw: Version: 0.2-a-12-gaebbb33
     0 | D:1      | 0 ||| qw: Game counter: 961
     0 | D:1      | 0 ||| qw: Always use a shield: true
     0 | D:1      | 0 ||| qw: God list: Okawaru
     0 | D:1      | 0 ||| qw: Allow faded altars: false
     0 | D:1      | 0 ||| qw: Do Orc after D:15 true
     0 | D:1      | 0 ||| qw: Do second Lair branch before Depths: true
     0 | D:1      | 0 ||| qw: Lair rune preference: random
     0 | D:1      | 0 ||| qw: Plans: Normal, Zot:1-4, God:TSO, Crypt, Tomb,
                  | Pan, Slime:5, Hells, Abyss, Orb
     0 | D:1      | 0 ||| PLANNING D:1-11
    56 | D:1      | Reached skill level 2 in Axes
   223 | D:1      | 223 ||| Stepping ~*~*~tactically~*~*~ (stealth).
   224 | D:1      | 224 ||| Stepping ~*~*~tactically~*~*~ (stealth).
   228 | D:1      | Reached XP level 2. HP: 15/19 MP: 2/2
   457 | D:1      | 457 ||| Stepping ~*~*~tactically~*~*~ (stealth).
   462 | D:1      | 462 ||| Stepping ~*~*~tactically~*~*~ (stealth).
   463 | D:1      | 463 ||| Stepping ~*~*~tactically~*~*~ (stealth).
   464 | D:1      | 464 ||| Stepping ~*~*~tactically~*~*~ (stealth).
   523 | D:1      | Reached skill level 3 in Axes
   566 | D:1      | Found a faded altar of an unknown god.
   576 | D:1      | 576 ||| Stepping ~*~*~tactically~*~*~ (stealth).
   578 | D:1      | Reached XP level 3. HP: 23/23 MP: 3/3
   579 | D:1      | 579 ||| Stepping ~*~*~tactically~*~*~ (stealth).
   922 | D:1      | 922 ||| DROPPING ring of wizardry.
   923 | D:1      | 923 ||| READING scroll labelled VYNNUR GETAR.
   924 | D:1      | 924 ||| READING 3 scrolls labelled APIYCUHOZO.
   929 | D:1      | 929 ||| READING scroll labelled VUCZOG FOGGE.
   997 | D:2      | 997 ||| DROPPING +0 club.
  1620 | D:2      | Identified the +0 long sword "Hiwaliuw" {flame, rF+ Dex+2}
  1885 | D:2      | 1885 ||| UPGRADING to +4 ring of protection.
  1886 | D:2      | 1886 ||| READING 2 scrolls labelled ENECKO LEMOCOG.
  1887 | D:2      | 1887 ||| READING scroll labelled LISSOE REALE.
  1888 | D:2      | 1888 ||| DRINKING 2 blue potions.
  1905 | D:3      | 1905 ||| Stepping ~*~*~tactically~*~*~ (stealth).
  1940 | D:3      | 1940 ||| Stepping ~*~*~tactically~*~*~ (stealth).
  2165 | D:3      | Found a white marble altar of Elyvilon.
  2178 | D:3      | Reached XP level 4. HP: 28/28 MP: 4/4
  2212 | D:3      | 2212 ||| Stepping ~*~*~tactically~*~*~ (stealth).
  2246 | D:3      | Reached skill level 1 in Throwing
  2383 | D:3      | Noticed Jessica
  2384 | D:3      | 2384 ||| Stepping ~*~*~tactically~*~*~ (hiding).
  2396 | D:3      | Killed Jessica
  2397 | D:3      | Reached skill level 4 in Axes
  2617 | D:3      | 2617 ||| UPGRADING to +0 chain mail.
  2627 | D:3      | 2627 ||| DROPPING +0 scale mail.
  2628 | D:3      | 2628 ||| UPGRADING to amulet of reflection.
  2633 | D:3      | 2633 ||| READING scroll labelled NOKEBU ORUAKHI.
  2634 | D:3      | 2634 ||| DRINKING 2 sedimented emerald potions.
  2682 | D:4      | 2682 ||| STAIRDANCE
  3030 | D:4      | Reached XP level 5. HP: 32/32 MP: 5/5
  3121 | D:4      | 3121 ||| Stepping ~*~*~tactically~*~*~ (hiding).
  3128 | D:4      | Reached skill level 5 in Axes
  3130 | D:4      | HP: 3/32 [orc priest/divine providence (14)]
  3131 | D:4      | 3131 ||| READING 2 scrolls of teleportation.
  3132 | D:4      | Killed from afar by an orc priest

Levels and vault maps discovered:
D:1:      dpeg_arrival_houses_and_road, layout_basic,
          shapermc_ecumenical_altar_mp_urbaneastern
D:2:      layout_basic, feat_on_display
D:3:      layout_loops_ring, mainiacjoe_overflow_24_doors, minmay_misc_feat_chi,
          minmay_misc_feat_columns, uniq_jessica
D:4:      layout_layer_cave, hangedman_abyss_or_decor_passed, st_stairs_8

Skill      XL: |  1  2  3  4  5 |
---------------+----------------+-----
Axes           | 2 3 4 5 |  5.0
Throwing       | 1 |  1.0
Fighting       | |  3.2
Armour         | |  3.2
Shields        | |  3.2

Action                   |  1- 3 |  4- 6 || total
-------------------------+-------+-------++-------
Melee: War axe           |    89 |    38 ||   127
Throw: Boomerang         |    57 |     2 ||    59
       Javelin           |     3 |    13 ||    16
  Use: Scroll            |     5 |     2 ||     7
       Potion            |     1 |     1 ||     2
Armor: Scale mail        |    49 |    12 ||    61
       Chain mail        |       |    13 ||    13
Dodge: Dodged            |    45 |     9 ||    54
Block: Buckler           |    17 |    13 ||    30

Table legend:
 A = Non-vault XP
 B = Vault XP
 C = Vault XP percentage of total XP
 D = Non-vault monster count
 E = Vault monster count
 F = Vault count percentage of total count
                 A         B        C        D         E       F
            +---------+---------+-------+---------+---------+-------
      Total |     225 |      40 |  15.1 |      59 |       3 |   4.8
            +---------+---------+-------+---------+---------+-------
        D:1 |      44 |       0 |   0.0 |      26 |       0 |   0.0
        D:2 |      20 |       0 |   0.0 |      13 |       0 |   0.0
        D:3 |      36 |      37 |  50.7 |      11 |       1 |   8.3
        D:4 |     125 |       3 |   2.3 |       9 |       2 |  18.2
            +---------+---------+-------+---------+---------+-------
